 Dungeon Crawl Stone Soup version 0.18-a0-1497-g788d838 (webtiles) character file.

187 GrosslyIncandescent the Insei (level 5, -2/41 HPs)
             Began as a Mummy Monk on Mar 4, 2016.
             Slain by a hobgoblin (5 damage)
             ... led by Robin
             ... on level 2 of the Dungeon.
             The game lasted 00:03:25 (3075 turns).

GrosslyIncandescent the Insei (Mummy Monk)          Turns: 3075, Time: 00:03:25

Health: -2/41      AC:  0    Str: 14    XL:     5   Next: 39%
Magic:  5/5        EV: 13    Int:  9    God:
Gold:   73         SH:  0    Dex: 16    Spells: 0 memorised, 4 levels left

rFire  x . .     SeeInvis .       - Unarmed
rCold  + . .     Gourm    .     (no armour)
rNeg   + + +     Faith    .     (no shield)
rPois  ∞         Spirit   .     (no helmet)
rElec  .         Dismiss  .     (no cloak)
rCorr  .         Reflect  .     (no gloves)
SustAt .         Harm     .     (no boots)
MR     .....                    (no amulet)
Stlth  +.........               (no ring)
                                b - ring of loudness (curse)

@: not resistant to hostile enchantments, very unstealthy
A: no food or potions, fire vulnerability, cold resistance 1, negative energy
resistance 3, torment resistance, unbreathing
a: no special abilities


You were on level 2 of the Dungeon.
You were not hungry.

You visited 1 branch of the dungeon, and saw 2 of its levels.

You collected 73 gold pieces.


Innate Abilities, Weirdness & Mutations

You do not eat or drink.
Your flesh is vulnerable to fire.
You are immune to poison.
Your flesh is cold resistant.
You are immune to negative energy.
You are immune to unholy pain and torment.
You can survive without breathing.


   Skills:
 + Level 3.5 Fighting
 - Level 2.4 Dodging
 - Level 1.5 Stealth
 - Level 5.3 Unarmed Combat


You had 4 spell levels left.
You didn't know any spells.

Inventory:

Jewellery
 b - a cursed ring of loudness (left hand)
Scrolls
 a - a scroll of identify {unknown}
 c - a scroll of random uselessness {unknown}
 d - a scroll of enchant armour {unknown}

Dungeon Overview and Level Annotations

Branches:
Dungeon (2/15)

Altars:
Elyvilon
Nemelex Xobeh

+ ▒ ... + ....>. ▒
....▒? .....▒▒▒ ▒▒▒▒▒▒▒
▒.....▒▒ .....[▒
▒...▒..▒▒ ...[..▒
▒...gP≈≈▒▒▒ ..[...▒
▒...PMP≈≈P▒▒
......▒▒▒▒▒▒▒▒▒ggPPPPP≈.
......'.......)..≈≈♣≈PPP
......▒▒▒▒▒▒▒▒▒▒PPP≈≈≈♣P
......▒▒▒▒ <▒≈≈PP≈≈
......'..▒ ▒ ▒▒.≈PPP
......▒▒.▒ .▒▒PP
......▒▒.▒ ▒▒ PP
..▒▒▒▒▒▒.▒


You could see a hobgoblin and 2 goblins.


Message History

The goblin hits the plant but does no damage!
The hobgoblin closely misses you!
You barely miss the goblin!
The goblin is heavily wounded!
The goblin misses you! The goblin hits you but does no damage!
The goblin hits the plant but does no damage!
The hobgoblin splashes around in the water!
You squash the goblin like an ant!!!
You annihilate the goblin!!!
The goblin hits you with a short sword! * * * don't die
* * * The hobgoblin misses you!
You closely miss the goblin!
The goblin splashes around in the water!
The goblin hits you with a dagger! * * * don't die
* * * The hobgoblin barely misses you!
You beat the goblin but do no damage!
The goblin hits the plant but does no damage!
The goblin barely misses you! The goblin hits you but does no damage!
You pulverise the goblin but do no damage!
The hobgoblin splashes around in the water!
The goblin hits the plant but does no damage!
The goblin barely misses you!
You beat the goblin into a bloody pulp!
You annihilate the goblin!!!
The hobgoblin closely misses you!
The goblin hits you with a short sword! * * * don't die
* * * You completely miss the goblin!
The hobgoblin hits you! rip

Action                   |  1- 3 |  4- 6 || total
-------------------------+-------+-------++-------
Melee: Unarmed           |   144 |    82 ||   226
 Stab: Sleeping          |     4 |       ||     4

Vault maps used:
D:1:      roderic_crossed_star
D:2:      elyvilon_altar_4, nemelex_xobeh_ov_fountains_minmay, st_stairs_4,
          serial_bayou_lagoon_a, uniq_natasha, uniq_robin

Notes
Turn   | Place    | Note
--------------------------------------------------------------
     0 | D:1      | GrosslyIncandescent the Mummy Monk began the quest for the Orb.
     0 | D:1      | Reached XP level 1. HP: 18/18 MP: 1/1
   333 | D:1      | Reached XP level 2. HP: 2/24 MP: 2/2
   899 | D:1      | Reached skill level 4 in Unarmed Combat
   899 | D:1      | HP: 2/24 [dart slug/slug dart (7)]
  1324 | D:1      | Reached XP level 3. HP: 26/29 MP: 3/3
  1838 | D:2      | Reached XP level 4. HP: 25/35 MP: 4/4
  2011 | D:2      | Found a white marble altar of Elyvilon.
  2029 | D:2      | Found a sparkling altar of Nemelex Xobeh.
  2050 | D:2      | fuck you ely
  2141 | D:2      | Noticed Natasha
  2152 | D:2      | Killed Natasha
  2152 | D:2      | Reached skill level 5 in Unarmed Combat
  2335 | D:2      | Noticed Natasha
  2362 | D:2      | Killed Natasha
  2365 | D:2      | Noticed Natasha
  2376 | D:2      | HP: 2/35 [Natasha/magic dart (10)]
  2706 | D:1      | Killed Natasha
  2706 | D:1      | Reached XP level 5. HP: 32/41 MP: 5/5
  3018 | D:2      | Noticed Robin
  3036 | D:2      | Killed Robin
  3074 | D:2      | HP: 3/41 [goblin/short sword[Robin] (3)]
  3075 | D:2      | Slain by a hobgoblin

Vanquished Creatures
  Natasha (thrice) (D:2 D:1)
  Robin (D:2)
  2 adders (D:2)
  An ooze (D:2)
  A worm (D:2)
  3 dart slugs
  A giant gecko (D:2)
  6 bats
  2 giant cockroaches (D:1)
  15 goblins
  8 hobgoblins
  7 jackals (D:1)
  A quokka (D:2)
  A ball python (D:2)
  2 giant newts (D:1)
  7 kobolds
  8 rats
69 creatures vanquished.

Vanquished Creatures (others)
  A plant (D:2)
1 creature vanquished.

Grand Total: 70 creatures vanquished
